 Dungeon Crawl Stone Soup version 0.29.1-2-gbd0b4ee654 (webtiles) character file.

Game seed: 5111230995419141371

156 Godmorgon the Trooper (level 5, -1/42 HPs)
             Began as a Formicid Abyssal Knight on Oct 27, 2022.
             Was an Elder of Lugonu.
             Slain by a bullfrog (4 damage)
             ... in a sewer.
             The game lasted 00:11:37 (2860 turns).

Godmorgon the Trooper (Formicid Abyssal Knight)     Turns: 2860, Time: 00:11:37

Health: -1/42      AC:  7    Str: 20    XL:     5   Next: 64%
Magic:  7/7        EV: 10    Int:  9    God:    Lugonu [****..]
Gold:   114        SH:  0    Dex: 14    Spells: 4/4 levels left

rFire   + . .      SeeInvis +   a - +1 mace
rCold   + . .      Faith    .   (no shield)
rNeg    . . .      Spirit   .   o - +0 scale mail
rPois   +          Reflect  .   (helmet unavailable)
rElec   +          Harm     .   (no cloak)
rCorr   +          Rampage  .   (no gloves)
Will    .....                   b - +0 pair of boots
Stlth   ..........              (no amulet)
HPRegen 0.14/turn               (no ring)
MPRegen 0.10/turn               (no ring)

@: resistant
A: permanent stasis, dig shafts and tunnels, antennae 3, four strong arms
a: Dig, Renounce Religion, Depart the Abyss, Bend Space, Banish, Corrupt


You were in a sewer.
You worshipped Lugonu.
Lugonu was greatly pleased with you.
You visited 1 branch of the dungeon, and saw 3 of its levels.
You visited the Abyss 1 time.
You also visited: Sewer.

You collected 114 gold pieces.

Inventory:

Hand Weapons
 a - a +1 mace (weapon)
Missiles
 m - a throwing net
Armour
 b - a +0 pair of boots (worn)
 o - a +0 scale mail (worn)
Wands
 l - a wand of charming (3)
Scrolls
 e - 4 scrolls of identify {unknown}
 f - a scroll of enchant armour {unknown}
 g - 4 scrolls of amnesia {unknown}
 h - 2 scrolls of teleportation {unknown}
 j - a scroll of blinking
 k - a scroll of poison {unknown}
Potions
 d - a potion of resistance
 n - a potion of heal wounds {unknown}


   Skills:
 + Level 3.9 Fighting
 * Level 3.3 Maces & Flails
 * Level 2.7 Throwing
 - Level 2.1 Armour
 - Level 0.8 Dodging
 + Level 3.3 Invocations


You had 4 spell levels left.
You didn't know any spells.
Your spell library was empty.

Dungeon Overview and Level Annotations

Branches:
Dungeon (3/15)              Sewer (1/1)

Altars:


Innate Abilities, Weirdness & Mutations

You cannot be hasted, slowed, berserked, paralysed or teleported.
You can dig through walls and to a lower floor.
You have a pair of large antennae on your head. (SInv)
Your four strong arms can wield two-handed weapons with a shield.


Message History

Unknown command.
You sock the bullfrog!
The bullfrog is moderately wounded.
The bullfrog hits you.
* * * LOW HITPOINT WARNING * * *
The bullfrog barely misses you. x3
It was a potion of resistance.
You feel protected. The bullfrog hits you.
* * * LOW HITPOINT WARNING * * *
The bullfrog hits you.
* * * LOW HITPOINT WARNING * * *
Okay, then.
Okay, then.
Unknown command.
You feel better.
The bullfrog hits you but does no damage.
The bullfrog hits you.
* * * LOW HITPOINT WARNING * * *
The bullfrog hits you.
* * * LOW HITPOINT WARNING * * *
The bullfrog misses you.
You feel better.
The bullfrog hits you but does no damage.
The bullfrog hits you.
* * * LOW HITPOINT WARNING * * *
You completely miss the bullfrog. Your punch misses the bullfrog.
The bullfrog is moderately wounded.
The bullfrog closely misses you. The bullfrog hits you.
* * * LOW HITPOINT WARNING * * *
The bullfrog hits you.
* * * LOW HITPOINT WARNING * * *
The bullfrog misses you.
You miss the bullfrog.
The bullfrog is moderately wounded.
The bullfrog hits you but does no damage.
The bullfrog completely misses you. The bullfrog hits you.
* * * LOW HITPOINT WARNING * * *
The bullfrog hits you.
You die...

#.~≈~≈~≈~~~...≈≈≈≈
#.~≈~≈~≈~...~..≈≈#
#.~≈≈~≈≈~~≈~~.∩~≈#
#.~≈≈~≈≈≈~≈≈~~~≈≈#
#.~≈≈~≈≈≈≈~≈≈≈~≈#
#.~≈~~≈≈≈≈≈~≈≈≈≈#
#.~≈~.≈≈≈≈≈≈~≈≈##
#.~≈~.~~~~≈~≈≈####
#@F≈~~..~~~~≈≈≈≈≈~
#.F≈≈~~~†~~~~≈≈≈≈≈
#.~~≈≈≈≈≈≈≈≈≈≈≈≈≈≈
#..~~~~~~~~~~~~~~~
##.....~~~.÷~~~~..
#################


You could see 2 bullfrogs.

Vanquished Creatures
  2 gnolls
  6 adders
  A worm (D:3)
  A dart slug (D:3)
  11 ball pythons
  4 endoplasms
  13 giant cockroaches
  4 goblins
  2 hobgoblins (D:1)
  3 jackals (D:1)
  4 kobolds
  3 quokkas
  7 bats
  13 frilled lizards
  7 rats
81 creatures vanquished.

Notes
Turn   | Place    | Note
-------+----------+-------------------------------------------
     0 | Abyss:1  | Godmorgon the Formicid Abyssal Knight began the quest for
                  | the Orb.
     0 | Abyss:1  | Reached XP level 1. HP: 18/18 MP: 2/2
     1 | D:1      | Escaped the Abyss
    86 | D:1      | Reached XP level 2. HP: 13/24 MP: 3/3
    92 | D:1      | Reached skill level 1 in Throwing
   499 | D:1      | Reached XP level 3. HP: 28/29 MP: 4/4
   570 | D:1      | Reached *** piety under Lugonu
  1184 | D:1      | Reached XP level 4. HP: 21/35 MP: 6/6
  2325 | D:3      | Reached XP level 5. HP: 32/42 MP: 7/7
  2502 | D:3      | Found a glowing drain.
  2550 | Sewer    | Entered a sewer
  2657 | Sewer    | Reached **** piety under Lugonu
  2843 | Sewer    | Noticed a bullfrog
  2844 | Sewer    | Noticed a bullfrog
  2860 | Sewer    | Slain by a bullfrog

Illustrated notes

Levels and vault maps discovered:
D:1:      co_arrival_square_in_a_square_in_a_square, layout_rooms,
          chequers_serial_rivers_room_b
D:2:      layout_basic
D:3:      layout_basic, cheibrodos_sewer_entry_drain,
          shapermc_ecumenical_altar_rom_forum
Sewer:    sewer_frog_island_01

Skill      XL: |  1  2  3  4 |
---------------+-------------+-----
Throwing       | 1 2 |  2.7
Maces & Flails | 3 |  3.3
Invocations    | 3 |  3.3
Fighting       | |  3.9
Armour         | |  2.1
Dodging        | |  0.8

Action                   |  1- 3 |  4- 6 || total
-------------------------+-------+-------++-------
Melee: Mace              |    93 |   139 ||   232
       Punch             |       |     1 ||     1
Invok: Bend Space        |       |     1 ||     1
  Use: Potion            |       |     4 ||     4
 Stab: Sleeping          |     1 |     1 ||     2
Armor: Leather armour    |    43 |     6 ||    49
       Ring mail         |       |    32 ||    32
       Scale mail        |       |    41 ||    41
Dodge: Dodged            |    67 |    86 ||   153
